 Dungeon Crawl Stone Soup version 0.24-b1-44-g37ad8b309f (webtiles) character file.

Game seed: 7599264498275152284, levelgen mode: deterministic

31906 Curus the Cruncher (level 13, -1/123 HPs)
             Began as a Minotaur Gladiator on Oct 24, 2019.
             Was a High Priest of Makhleb.
             Slain by a six-headed hydra (6 damage)
             ... on level 5 of the Lair of Beasts.
             The game lasted 00:57:28 (13774 turns).

Curus the Cruncher (Minotaur Gladiator)            Turns: 13774, Time: 00:57:30

Health: -1/123     AC: 11    Str: 20    XL:     13   Next: 28%
Magic:  17/17      EV: 20    Int:  7    God:    Makhleb [*****.]
Gold:   175        SH:  0    Dex: 14    Spells: 12/12 levels left

rFire    + . .     SeeInvis .   w - +2 quarterstaff (speed)
rCold    . . .     Gourm    .   (shield currently unavailable)
rNeg     . . .     Faith    .   T - +1 leather armour "Tarrur" {rElec rPois}
rPois    +         Spirit   .   c - +1 hat
rElec    +         Reflect  .   u - scarf {repulsion}
rCorr    .         Harm     .   B - +1 pair of gloves
MR       +....                  I - +1 pair of boots
Stlth    ..........             (no amulet)
HPRegen  0.30/turn              U - ring of attention (curse)
MPRegen  0.15/turn              D - ring of protection from fire

@: repel missiles
A: retaliatory headbutt, horns 2, iridescent scales 1, magic resistance 1,
poison resistance
a: Minor Destruction, Lesser Servant of Makhleb, Major Destruction, Greater
Servant of Makhleb, Renounce Religion


You were on level 5 of the Lair of Beasts.
You worshipped Makhleb.
Makhleb was extremely pleased with you.
You were not hungry.

You visited 3 branches of the dungeon, and saw 17 of its levels.
You also visited: Ossuary.

You collected 800 gold pieces.
You spent 625 gold pieces at shops.

Inventory:

Hand Weapons
 a - a +1 quarterstaff
 o - a +5 quarterstaff of chaos
 w - a +2 quarterstaff of speed (weapon)
 y - a +0 quarterstaff of protection
 C - a +2 quarterstaff of pain
Missiles
 d - 4 throwing nets (quivered)
Armour
 b - a +1 leather armour
 c - a +1 hat (worn)
 k - a +2 cloak
 t - a +0 pair of gloves
 u - a scarf of repulsion (worn)
 A - the +1 leather armour of Restlessness {Str+2}
   (You found it on level 7 of the Dungeon)

   It affects your strength (+2).
 B - a +1 pair of gloves (worn)
 I - a +1 pair of boots (worn)
 T - the +1 leather armour "Tarrur" (worn) {rElec rPois}
   (You found it on level 3 of the Lair of Beasts)

   It insulates you from electricity.
   It protects you from poison.
Jewellery
 g - an uncursed ring of see invisible
 h - an uncursed ring of fire
 j - an uncursed ring of wizardry
 v - an uncursed ring of stealth
 D - a ring of protection from fire (right hand)
 J - an uncursed ring of stealth
 L - an uncursed ring of stealth
 O - an uncursed ring of ice
 U - a cursed ring of attention (left hand)
Wands
 r - a wand of digging (9)
 x - a wand of acid (13)
 z - a wand of flame (27)
 G - a wand of polymorph (4)
 H - a wand of random effects (27)
 K - a wand of enslavement (5)
 M - a wand of scattershot (4)
 S - a wand of iceblast (12)
Scrolls
 e - 18 scrolls of identify
 l - 6 scrolls of teleportation
 n - 2 scrolls of magic mapping
 p - 10 scrolls of remove curse
 P - 2 scrolls of amnesia
Potions
 i - 2 potions of degeneration
 m - a potion of agility
 q - 10 potions of curing
 s - 5 potions of brilliance
 E - a potion of might
 F - 3 potions of haste
 N - a potion of berserk rage
 Q - 2 potions of magic
 R - a potion of flight
Comestibles
 f - 22 rations


   Skills:
 - Level 13.9 Fighting
 - Level 14.2 Staves
 - Level 2.0 Throwing
 - Level 13.1 Dodging
 + Level 7.8 Invocations
 + Level 7.1 Evocations


You had 12 spell levels left.
You didn't know any spells.
Your spell library contained the following spells:

 Spells                   Type           Power        Failure   Level  Hunger
 Animate Skeleton         Necr           N/A          50%         1    ##.....
 Apportation              Tloc           #.....       50%         1    ##.....
 Confusing Touch          Hex            #.....       50%         1    ##.....
 Magic Dart               Conj           #...         50%         1    ##.....
 Sandblast                Erth           #.....       50%         1    ##.....
 Summon Small Mammal      Summ           #...         50%         1    ##.....
 Blink                    Tloc           N/A          63%         2    ###....
 Call Imp                 Summ           #.......     63%         2    ###....
 Passwall                 Tmut/Erth      #.......     63%         2    ###....
 Slow                     Hex            #.......     63%         2    ###....
 Call Canine Familiar     Summ           #.......     86%         3    ####...
 Conjure Flame            Conj/Fire      #.......     86%         3    ####...
 Mephitic Cloud           Conj/Pois/Air  #.......     86%         3    ####...
 Stone Arrow              Conj/Erth      #.....       86%         3    ####...
 Summon Guardian Golem    Hex/Summ       #.......     86%         3    ####...
 Petrify                  Tmut/Erth      #.......     99%         4    #####..
 Summon Ice Beast         Ice/Summ       #.......     99%         4    #####..
 Summon Lightning Spire   Summ/Air       #.......     99%         4    #####..
 Lee's Rapid Deconstruct  Erth           #.........   100%        5    ######.


Dungeon Overview and Level Annotations

Branches:
Dungeon (11/15)            Temple (1/1) D:6            Lair (5/6) D:11
  Swamp (0/4) Lair:2       Spider (0/4) Lair:2          Orc (0/2) D:11
Ossuary (visited)
  Slime: Lair:5-6

Altars:
Ashenzari
Elyvilon
Fedhas
Gozag
Hepliaklqana
Makhleb
Okawaru
Ru
Sif Muna
Trog
Uskayaw
Vehumet
Xom
Yredelemnul
The Shining One

Shops:
D:5 ?   D:9 !*(*!


Innate Abilities, Weirdness & Mutations

You reflexively headbutt those who attack you in melee.
You have a pair of horns on your head.
You are partially covered in iridescent scales. (AC +2)
You are resistant to hostile enchantments. (MR+)
Your system is resistant to poisons. (rPois)


Message History

The dream sheep bites your ynoxinul!
Your ynoxinul hits the six-headed hydra.
The dream sheep bites your ynoxinul.
The elephant tramples the plant!
The elephant trunk-slaps the plant but does no damage.
Your ynoxinul hits the dream sheep but does no damage.
Okay, then.
Unknown command.
Unknown command.
You hit the six-headed hydra. You headbutt the six-headed hydra!
The six-headed hydra is severely wounded.
The dream sheep closely misses your ynoxinul.
The elephant tramples the plant.
The elephant trunk-slaps the plant but does no damage.
You barely miss the six-headed hydra.
The six-headed hydra is severely wounded.
The six-headed hydra bites you!
* * * LOW HITPOINT WARNING * * *
The six-headed hydra closely misses you.
The six-headed hydra bites you.
You die...

##...............
#..#............. #..............
#.............. #.#.P#......... #
#...YY........ #.Y3PP........$
##D...............
##@#...............
#..................
###.................
#...................
#..P................ ...# #
.....≈................ ... .#
#...≈≈........††...... ..####.##
##..≈≈≈.........†......
........P.#.#.≈≈......<..........


You could see a six-headed hydra, 2 elephants, a dream sheep and a friendly
ynoxinul.

Vanquished Creatures
  Gastronok (D:8)
  5 hydras
  A two-headed ogre (D:8)
  An unseen horror (D:11)
  Pikel (D:6)
  A wolf spider (Lair:2)
  An ugly thing (D:11)
  A manticore (D:11)
  9 elephants (Lair:5)
  A cyclops (D:11)
  Maurice (D:10)
  Joseph (D:7)
  A centaur skeleton (D:11)
  2 spiny frogs
  5 komodo dragons
  A hornet (D:11)
  A tyrant leech (Lair:2)
  3 polar bears
  3 trolls
  2 queen bees
  8 blink frogs
  4 hippogriffs
  A wyvern (Lair:3)
  A wraith (D:11)
  2 basilisks
  19 yaks
  A hungry ghost (D:9)
  5 water moccasins
  3 swamp worms (Lair:2)
  5 porcupines
  5 orc warriors
  2 ice beasts (D:5)
  3 slaves (D:6)
  4 sky beasts
  A phantom (D:6)
  A necrophage (D:9)
  6 ogres
  3 wolves (Lair:2)
  4 centaurs
  2 crocodiles (Lair:4)
  3 big kobolds
  17 bullfrogs
  A wyvern zombie (D:11)
  A wyvern skeleton (D:6)
  11 scorpions
  37 killer bees
  5 wights (D:6)
  An electric eel (Lair:4)
  3 howler monkeys
  4 crimson imps
  2 bullfrog zombies
  2 jellies
  2 centaur zombies
  A quasit (D:10)
  5 orc priests
  6 hounds
  Crazy Yiuf (D:4)
  3 bullfrog skeletons
  4 human zombies (Ossuary)
  An iguana (D:6)
  10 worker ants
  16 orc wizards
  A killer bee zombie (D:7)
  2 big kobold zombies (Ossuary)
  3 hound skeletons
  A howler monkey zombie (D:5)
  3 mummies (Ossuary)
  A worker ant zombie (D:5)
  4 gnolls (D:7)
  12 adders
  6 scorpion zombies (Ossuary)
  3 shadow imps
  6 oozes
  An adder zombie (D:5)
  An adder skeleton (D:9)
  2 worms
  3 dart slugs
  7 leopard geckos
  34 orcs
  3 giant cockroaches
  A gnoll zombie (Ossuary)
  6 goblins
  5 hobgoblins
  5 jackals (D:2)
  12 kobolds
  7 quokkas
  A ball python (D:2)
  6 bats
  6 frilled lizards
  2 goblin zombies (Ossuary)
  A kobold zombie (Ossuary)
  A leopard gecko skeleton (D:4)
  2 orc zombies (Ossuary)
  A quokka zombie (D:7)
  11 rats
  A butterfly (Lair:4)
419 creatures vanquished.

Vanquished Creatures (others)
  A slave (D:6)
  A quokka (D:5)
  A fungus (Lair:5)
  2 plants
5 creatures vanquished.

Grand Total: 424 creatures vanquished

Notes
Turn   | Place    | Note
-------+----------+-------------------------------------------
     0 | D:1      | Curus the Minotaur Gladiator began the quest for the Orb.
     0 | D:1      | Reached XP level 1. HP: 18/18 MP: 0/0
    28 | D:1      | Found a shattered altar of Ashenzari.
   110 | D:1      | Reached skill level 4 in Staves
   111 | D:1      | Gained mutation: Potions are less effective at restoring
                  | your health. [potion of mutation]
   111 | D:1      | Gained mutation: Your spells are a little harder to cast,
                  | but a little more powerful. [potion of mutation]
   111 | D:1      | Gained mutation: You have large cloven feet. [potion of
                  | mutation]
   126 | D:1      | Reached XP level 2. HP: 24/25 MP: 1/1
   358 | D:1      | Reached skill level 5 in Staves
   811 | D:2      | Reached XP level 3. HP: 30/30 MP: 2/2
  1133 | D:2      | Found a sacrificial altar of Ru.
  1136 | D:2      | Reached skill level 6 in Staves
  1136 | D:2      | Reached XP level 4. HP: 34/37 MP: 3/3
  1590 | D:3      | Found a glowing golden altar of the Shining One.
  1685 | D:3      | Reached XP level 5. HP: 33/42 MP: 4/4
  1850 | D:3      | Reached skill level 7 in Staves
  2484 | D:4      | Found a sand-covered staircase.
  2538 | Ossuary  | Entered an ossuary
  2559 | Ossuary  | Reached skill level 8 in Staves
  2559 | Ossuary  | Reached XP level 6. HP: 50/50 MP: 5/5
  2582 | Ossuary  | Reached skill level 9 in Staves
  2716 | Ossuary  | Reached XP level 7. HP: 19/56 MP: 6/6
  3034 | Ossuary  | Reached skill level 10 in Staves
  3335 | Ossuary  | Reached skill level 13 in Staves
  3335 | Ossuary  | Reached XP level 8. HP: 74/74 MP: 7/7
  3360 | Ossuary  | Reached skill level 14 in Staves
  3606 | D:3      | Lost mutation: Potions are less effective at restoring your
                  | health. [potion of mutation]
  3606 | D:3      | Lost mutation: You have large cloven feet. [potion of
                  | mutation]
  3606 | D:3      | Lost mutation: Your spells are a little harder to cast, but
                  | a little more powerful. [potion of mutation]
  3606 | D:3      | Gained mutation: Your system is resistant to poisons.
                  | (rPois) [potion of mutation]
  3606 | D:3      | Gained mutation: You are partially covered in iridescent
                  | scales. (AC +2) [potion of mutation]
  3606 | D:3      | Gained mutation: You are resistant to hostile enchantments.
                  | (MR+) [potion of mutation]
  3608 | D:4      | Found an opulent altar of Gozag.
  3609 | D:4      | Found a basalt altar of Yredelemnul.
  3875 | D:4      | Found a runed translucent door.
  3876 | D:4      | Noticed Crazy Yiuf
  3987 | D:4      | Killed Crazy Yiuf
  4049 | D:5      | Entered Level 5 of the Dungeon
  4289 | D:5      | Reached XP level 9. HP: 73/81 MP: 8/8
  4351 | D:5      | Found Jeepty's Magic Scroll Shop.
  4368 | D:5      | Bought a scroll of enchant armour for 97 gold pieces
  4368 | D:5      | Bought a scroll of teleportation for 39 gold pieces
  4462 | D:5      | Found a white marble altar of Elyvilon.
  4785 | D:6      | Found a staircase to the Ecumenical Temple.
  4795 | D:6      | Noticed Pikel
  4820 | D:6      | Killed Pikel
  4831 | Temple   | Entered the Ecumenical Temple
  4916 | Temple   | Became a worshipper of Makhleb the Destroyer
  5142 | D:6      | Found an iron altar of Okawaru.
  5632 | D:6      | Reached XP level 10. HP: 71/93 MP: 9/9
  5741 | D:6      | Reached skill level 10 in Fighting
  5771 | D:7      | Reached * piety under Makhleb
  6224 | D:7      | Found a radiant altar of Vehumet.
  6411 | D:7      | Noticed Joseph
  6418 | D:7      | Killed Joseph
  6430 | D:7      | Got a blackened leather armour
  6441 | D:7      | Identified the cursed +1 leather armour of Restlessness
                  | {Str+2} (You found it on level 7 of the Dungeon)
  6475 | D:7      | Reached skill level 10 in Dodging
  6602 | D:8      | Noticed Gastronok
  6618 | D:8      | Killed Gastronok
  6659 | D:8      | Noticed a two-headed ogre
  6930 | D:8      | Killed a two-headed ogre
  6933 | D:8      | Reached XP level 11. HP: 76/102 MP: 10/10
  6975 | D:8      | Reached ** piety under Makhleb
  7296 | D:9      | You fall into a shaft and drop 1 floor!
  7296 | D:10     | Entered Level 10 of the Dungeon
  7607 | D:10     | Reached *** piety under Makhleb
  7708 | D:9      | Found Govveask's Assorted Antiques.
  7715 | D:9      | Found Gyahou's Distillery.
  7731 | D:9      | Bought a potion of might for 52 gold pieces
  7731 | D:9      | Bought 2 potions of curing for 78 gold pieces
  7731 | D:9      | Bought a potion of haste for 130 gold pieces
  7786 | D:9      | Found Qeot's Weapon Shop.
  7863 | D:9      | Found Quic's Distillery.
  7979 | D:9      | Found a hide-covered altar of Uskayaw.
  7996 | D:9      | Found Vuodgh's General Store.
  8028 | D:9      | Bought a scroll of enchant armour for 97 gold pieces
  8499 | D:10     | Found a bloodstained altar of Trog.
  8541 | D:10     | Found a glowing golden altar of the Shining One.
  8557 | D:10     | Noticed Maurice
  8570 | D:10     | Killed Maurice
  8724 | D:11     | Noticed an unseen horror
  8779 | D:11     | Reached **** piety under Makhleb
  8816 | D:11     | Found a shattered altar of Ashenzari.
  8839 | D:11     | Found a staircase to the Lair.
  8917 | D:9      | Bought a potion of berserk rage for 60 gold pieces
  9023 | D:11     | Noticed a white ugly thing
  9033 | D:11     | Killed a white ugly thing
  9044 | D:11     | Killed an unseen horror
  9071 | D:11     | Noticed an eight-headed hydra
  9086 | D:11     | Killed an eight-headed hydra
  9086 | D:11     | Reached XP level 12. HP: 71/115 MP: 11/11
  9114 | D:11     | Found a staircase to the Orcish Mines.
  9574 | D:9      | Bought a potion of curing for 36 gold pieces
  9574 | D:9      | Bought a potion of curing for 36 gold pieces
  9994 | Lair:1   | Entered Level 1 of the Lair of Beasts
 10807 | Lair:2   | Reached skill level 1 in Invocations
 10807 | Lair:2   | Reached skill level 1 in Evocations
 10847 | Lair:2   | Found a hole to the Spider Nest.
 11252 | Lair:2   | Noticed a seven-headed hydra
 11266 | Lair:2   | Killed a seven-headed hydra
 11277 | Lair:2   | Noticed a seven-headed hydra
 11293 | Lair:2   | Killed a seven-headed hydra
 11326 | Lair:2   | Found a staircase to the Swamp.
 11559 | Lair:3   | Reached skill level 5 in Invocations
 11650 | Lair:3   | Noticed an eight-headed hydra
 11663 | Lair:3   | Killed an eight-headed hydra
 11761 | Lair:3   | Got a topaz-encrusted leather armour
 11772 | Lair:3   | Identified the +1 leather armour "Tarrur" {rElec rPois}
                  | (You found it on level 3 of the Lair of Beasts)
 11795 | Lair:3   | Reached ***** piety under Makhleb
 11795 | Lair:3   | Reached skill level 5 in Evocations
 11840 | Lair:3   | Noticed a seven-headed hydra
 11850 | Lair:3   | Killed a seven-headed hydra
 11953 | Lair:3   | Found a burning altar of Makhleb.
 12106 | Lair:3   | Noticed Sonja
 12110 | Lair:3   | Noticed Sonja
 12110 | Lair:3   | Sonja changed into Sonja the big kobold
 12116 | Lair:3   | Killed Sonja the big kobold
 12621 | Lair:4   | Reached XP level 13. HP: 123/123 MP: 16/16
 13774 | Lair:5   | HP: 5/123 [six-headed hydra (13)]
 13774 | Lair:5   | Slain by a six-headed hydra

Skill      XL: |  1  2  3  4  5  6  7  8  9 10 11 12 13 |
---------------+----------------------------------------+-----
Staves         | 4 5 6 8 9 13 14 | 14.2
Fighting       | 7 8 9 11 13 | 13.9
Dodging        | 7 9 10 12 13 | 13.1
Invocations    | 6 7 |  7.8
Evocations     | 5 7 |  7.1
Throwing       | |  2.0

Action                   |  1- 3 |  4- 6 |  7- 9 | 10-12 | 13-15 || total
-------------------------+-------+-------+-------+-------+-------++-------
Melee: Quarterstaff      |    68 |   125 |   244 |   849 |   141 ||  1427
       Headbutt          |     6 |    24 |    58 |   206 |    44 ||   338
       Kick              |    13 |    31 |    25 |       |       ||    69
Throw: Throwing net      |     1 |       |       |       |       ||     1
Invok: Lesser Servant of |       |       |       |       |     2 ||     2
Evoke: Wand              |       |       |       |     8 |       ||     8
  Use: Potion            |     6 |     1 |     5 |     4 |       ||    16
       Scroll            |     2 |     1 |     9 |     7 |       ||    19
 Stab: Sleeping          |       |       |     1 |     6 |       ||     7
       Petrifying        |       |       |     1 |       |       ||     1
       Paralysed         |       |       |       |     2 |       ||     2
       Distracted        |       |       |       |     1 |       ||     1
  Eat: Chunk             |     1 |     3 |     6 |    17 |       ||    27
       Ration            |       |     1 |       |     2 |     1 ||     4
Armor: Leather armour    |    12 |    22 |    28 |   114 |    22 ||   198
Dodge: Dodged            |    35 |    76 |   128 |   454 |    82 ||   775
       Deflected         |       |       |     1 |     7 |       ||     8
